 Dungeon Crawl Stone Soup version 0.31-a0-210-gccc998df9b (webtiles) character file.

Game seed: 18028966366089185687

51 CornPuffBuddha the Slasher (level 3, -5/30 HPs)
             Began as a Minotaur Gladiator on June 30, 2023.
             Slain by an ogre
             ... wielding a +0 giant spiked club
              (33 damage)
             ... on level 2 of the Dungeon.
             The game lasted 00:01:54 (1143 turns).

CornPuffBuddha the Slasher (Minotaur Gladiator)     Turns: 1143, Time: 00:01:56

Health: -5/30      AC:  3    Str: 18    XL:     3   Next: 58%
Magic:  2/2        EV: 12    Int:  5    God:
Gold:   83         SH:  0    Dex: 13    Spells: 2/2 levels left

rFire   . . .        a - +0 long sword
rCold   . . .        (no shield)
rNeg    . . .        b - +0 leather armour
rPois   .            c - +0 hat
rElec   .            (no cloak)
rCorr   .            (no gloves)
SInv    .            (no boots)
Will    .....        (no amulet)
Stlth   +            (no ring)
HPRegen 0.25/turn    (no ring)
MPRegen 0.08/turn

%: no passive effects
@: no status effects
A: horns 2, retaliatory headbutt
a: no special abilities


You were on level 2 of the Dungeon.
You visited 1 branch of the dungeon, and saw 2 of its levels.

You collected 83 gold pieces.

Inventory:

Hand Weapons
 a - a +0 long sword (weapon)
Missiles
 d - 3 throwing nets (quivered)
 e - a javelin
Armour
 b - a +0 leather armour (worn)
 c - a +0 hat (worn)
Jewellery
 h - a +6 ring of dexterity
Scrolls
 f - 2 scrolls of identify {unknown}
 g - a scroll of teleportation {unknown}
 i - a scroll of silence {unknown}
Potions
 j - a potion of cancellation {unknown}
 k - a potion of might {unknown}


   Skills:
 - Level 2.4 Fighting
 * Level 5.6 Long Blades
 - Level 2.0 Throwing
 - Level 3.2 Dodging


You had 2 spell levels left.
You didn't know any spells.
Your spell library contained the following spells:

 Spells                   Type           Power      Damage    Failure   Level
 Momentum Strike          Conj/Tloc      0%         3d8       67%         2
 Gell's Gravitas          Tloc           0%         N/A       88%         3
 Portal Projectile        Hex/Tloc       0%         N/A       88%         3
 Iskenderun's Mystic Bla  Conj/Tloc      0%         2d3       99%         4
 Manifold Assault         Tloc           0%         N/A       99%         4


Dungeon Overview and Level Annotations

Branches:
Dungeon (2/15)

Altars:
Xom


Innate Abilities, Weirdness & Mutations

You have a pair of horns on your head.
You reflexively headbutt those who attack you in melee.


Message History

A bat comes into view.
The bat moves out of view.
The bat hits you but does no damage.
You closely miss the bat. The bat hits you but does no damage.
The bat barely misses you.
You slash the bat!
You kill the bat!
No target in view!
You now have 68 gold pieces (gained 7).
You see here a bat corpse.
A bat comes into view.
Found 4 stones.
A bat is nearby!
The bat hits you.
A rat comes into view.
The bat closely misses you. You furiously retaliate!
You headbutt the bat!
You kill the bat!
You hit the rat.
You kill the rat!
No target in view!
No target in view!
You now have 75 gold pieces (gained 7).
You now have 83 gold pieces (gained 8).
You open the door.
An ogre comes into view. It is wielding a +0 giant spiked club.
Found a stone staircase leading down.
The ogre shouts!
There is an open door here.
Sorry, you're not good enough to have a special ability.
Okay, then.
Okay, then.
Found a shimmering altar of Xom.
There is a shimmering altar of Xom here.
The ogre attacks as you move away!
The ogre hits you with a +0 giant spiked club.
You slash the ogre! You headbutt the ogre.
The ogre is heavily wounded.
The ogre hits you with a +0 giant spiked club!!
Ouch! That really hurt!
You die...

.......#############.#
####+## #.# #.# #.#
#.## #####..#
#######......#
.............#
##.#@O_...# #.......##
##......# ########


You could see an ogre.

Vanquished Creatures
  An adder (D:2)
  A dart slug (D:2)
  An endoplasm (D:1)
  2 giant cockroaches (D:1)
  6 goblins (D:1)
  A hobgoblin (D:1)
  4 quokkas
  2 ball pythons (D:1)
  8 bats
  5 frilled lizards
  4 kobolds
  2 rats
37 creatures vanquished.

Notes
Turn   | Place    | Note
-------+----------+-------------------------------------------
     0 | D:1      | CornPuffBuddha the Minotaur Gladiator began the quest for
                  | the Orb.
     0 | D:1      | Reached XP level 1. HP: 18/18 MP: 0/0
    43 | D:1      | Reached skill level 4 in Long Blades
    61 | D:1      | Reached XP level 2. HP: 12/25 MP: 1/1
   268 | D:1      | Reached skill level 5 in Long Blades
   484 | D:1      | Reached XP level 3. HP: 30/30 MP: 2/2
  1044 | D:2      | Got the Annotations on Topology
  1118 | D:2      | Noticed an ogre
  1135 | D:2      | Found a shimmering altar of Xom.
  1143 | D:2      | Slain by an ogre

Illustrated notes

Levels and vault maps discovered:
D:1:      lemuel_arrival_broad_hall, layout_basic
D:2:      layout_basic, basic_altar

Skill      XL: |  1  2 |
---------------+-------+-----
Long Blades    | 4 5 |  5.6
Fighting       | |  2.4
Throwing       | |  2.0
Dodging        | |  3.2

Action                     || total
---------------------------++-------
  Melee: Long sword        ||    65
         Headbutt          ||    11
 Armour: Leather armour    ||    20
  Dodge: Dodged            ||    47

Table legend: (Time is in decaauts)
 A = Elapsed time spent in this place.
 B = Non-inter-level travel time spent in this place.
 C = Inter-level travel time spent in this place.
 D = Time resting spent in this place.
 E = Time spent auto-exploring this place.
 F = Levels seen in this place.
 G = Mean time per level.
                   A        B        C        D        E       F      G
               +--------+--------+--------+--------+--------+-----+--------+
         Total |   1153 |   1119 |     34 |    316 |    597 |   2 |  576.5 |
       Dungeon |   1153 |   1119 |     34 |    316 |    597 |   2 |  576.5 |
               +--------+--------+--------+--------+--------+-----+--------+

Top non-repeatable levels by time:
     D:2: 580 daAuts
     D:1: 572 daAuts
